[ AOE2 MATCH · #495220221 ]
UnrankedHuns vs Mongols
[ REPLAY ANALYSIS · EXTRACTED FROM THE RECORDED GAME ]
Feudal
10:33
Castle
14:24
Imperial
—
| APM avg | 44.2 |
| APM peak | 105 |
| eAPM avg | 24.3 |
| Villagers / military | 112 / 131 |
Focus
⚔️ 40.8% · 🌾 59.2%
Tarkan ×131
Feudal
11:02
Castle
16:01
Imperial
31:08
| APM avg | 29.4 |
| APM peak | 66 |
| eAPM avg | 21.1 |
| Villagers / military | 151 / 95 |
Focus
⚔️ 32.9% · 🌾 67.1%
Unknown (1920) ×138 · Skirmisher ×52 · Battering Ram ×34 · Spearman ×9
Feudal
11:47
Castle
15:21
Imperial
34:13
| APM avg | 54.7 |
| APM peak | 88 |
| eAPM avg | 33.5 |
| Villagers / military | 212 / 55 |
Focus
⚔️ 45.6% · 🌾 54.4%
Scout Cavalry ×40 · Monk ×8 · Camel Scout ×4 · Mangonel ×3
Feudal
9:00
Castle
16:53
Imperial
28:47
| APM avg | 38.3 |
| APM peak | 72 |
| eAPM avg | 22.3 |
| Villagers / military | 137 / 32 |
Focus
⚔️ 32.1% · 🌾 67.9%
Unknown (1952) ×88 · Mangonel ×32 · Unknown (1942) ×3
Feudal
10:38
Castle
14:16
Imperial
27:50
| APM avg | 31.1 |
| APM peak | 58 |
| eAPM avg | 19.2 |
| Villagers / military | 188 / 90 |
Focus
⚔️ 25.7% · 🌾 74.3%
Hand Cannoneer ×74 · Bombard Cannon ×7 · Spearman ×5 · Monk ×2 · Hussite Wagon ×2
Feudal
10:06
Castle
14:01
Imperial
24:11
| APM avg | 44.2 |
| APM peak | 88 |
| eAPM avg | 22.9 |
| Villagers / military | 22 / 57 |
Focus
⚔️ 31.2% · 🌾 68.8%
Monk ×28 · Hussite Wagon ×22 · Trebuchet (Packed) ×4 · Mangonel ×1 · Scorpion ×1 · Battering Ram ×1
Feudal
11:00
Castle
14:56
Imperial
—
| APM avg | 39.1 |
| APM peak | 110 |
| eAPM avg | 19.6 |
| Villagers / military | 167 / 9 |
Focus
⚔️ 35.0% · 🌾 65.0%
Monk ×5 · Organ Gun ×2 · Mangonel ×1 · Battering Ram ×1
Feudal
10:08
Castle
12:49
Imperial
27:55
| APM avg | 46.2 |
| APM peak | 125 |
| eAPM avg | 31.2 |
| Villagers / military | 181 / 138 |
Focus
⚔️ 45.0% · 🌾 55.0%
Ballista Elephant ×93 · Scout Cavalry ×39 · Monk ×3 · Trebuchet (Packed) ×3
Match map
Initial resources + every placement click. Lines = walls · curves = elevation contours. ◆ gold · ⬟ stone · ● berries · ✦ relic · ◌ wall gap
Your base· ✓ Closed at 14:24 · 0t walls · 3 gate(s)
KTrades123's base· ✓ Closed at 16:01 · 0t walls · 2 gate(s)
DS_TheHeartless's base· ✓ Closed at 15:21 · 0t walls · 2 gate(s)
TaNa's base· ✓ Closed at 16:53 · 0t walls · 3 gate(s)
DS_Kawakaze's base· ✓ Closed at 14:16 · 0t walls · 2 gate(s)
DS_Reg's base· ✓ Closed at 14:01 · 2t walls · 2 gate(s)
DS_Erick307's base· ✓ Closed at 14:56 · 8t walls · 3 gate(s)
DS_Moai's base· ✓ Closed at 12:49 · 0t walls · 3 gate(s)
Smoothed initial terrain · ◌ = detected wall gap · hover for details
Inputs per minute
— DS_Tortafuller - - KTrades123
Build order — DS_Tortafuller
First 150 of 330 actions detected
| 0:02 | Create | Villager (Male) |
| 0:02 | Create | Villager (Male) |
| 0:02 | Create | Villager (Male) |
| 0:02 | Create | Villager (Male) |
| 0:03 | Create | Villager (Male) |
| 1:07 | Create | Villager (Male) |
| 1:07 | Create | Villager (Male) |
| 1:49 | Create | Villager (Male) |
| 1:49 | Create | Villager (Male) |
| 2:08 | Create | Villager (Male) |
| 2:09 | Build | Lumber Camp |
| 2:38 | Create | Villager (Male) |
| 2:38 | Create | Villager (Male) |
| 3:04 | Create | Villager (Male) |
| 3:27 | Create | Villager (Male) |
| 4:06 | Create | Villager (Male) |
| 4:06 | Create | Villager (Male) |
| 4:22 | Create | Villager (Male) |
| 5:15 | Build | Mill |
| 5:19 | Create | Villager (Male) |
| 5:26 | Create | Villager (Male) |
| 5:27 | Create | Villager (Male) |
| 5:54 | Create | Villager (Male) |
| 6:01 | Build | Farm |
| 6:15 | Build | Farm |
| 6:43 | Create | Villager (Male) |
| 6:45 | Create | Villager (Male) |
| 7:17 | Create | Villager (Male) |
| 7:35 | Build | Mining Camp |
| 7:44 | Create | Villager (Male) |
| 8:12 | Research | Feudal Age |
| 8:58 | Build | Farm |
| 9:23 | Create | Villager (Male) |
| 10:06 | Create | Villager (Male) |
| 10:33 | Age | Feudal Age |
| 10:43 | Build | Market |
| 11:08 | Build | Blacksmith |
| 11:24 | Create | Villager (Male) |
| 11:41 | Build | Mining Camp |
| 11:44 | Research | Castle Age |
| 11:45 | Research | Loom |
| 12:11 | Create | Villager (Male) |
| 12:17 | Create | Villager (Male) |
| 12:47 | Build | Farm |
| 13:35 | Research | Double-Bit Axe |
| 14:11 | Research | Horse Collar |
| 14:19 | Research | Loom |
| 14:24 | Create | Villager (Male) |
| 14:24 | Age | Castle Age |
| 14:26 | Create | Villager (Male) |
| 14:54 | Build | Castle |
| 15:01 | Create | Villager (Male) |
| 15:11 | Build | Farm |
| 15:31 | Research | Scale Barding Armor |
| 15:41 | Build | Farm |
| 15:48 | Build | Farm |
| 15:50 | Create | Villager (Male) |
| 15:52 | Create | Villager (Male) |
| 16:39 | Create | Tarkan |
| 16:39 | Create | Tarkan |
| 16:39 | Create | Tarkan |
| 16:52 | Build | Farm |
| 16:53 | Build | Farm |
| 16:54 | Build | Farm |
| 16:55 | Create | Villager (Male) |
| 17:02 | Build | Farm |
| 17:15 | Create | Villager (Male) |
| 17:19 | Create | Tarkan |
| 17:19 | Create | Tarkan |
| 17:26 | Build | Farm |
| 17:27 | Build | Farm |
| 17:38 | Build | Farm |
| 17:39 | Create | Villager (Male) |
| 17:47 | Create | Tarkan |
| 17:47 | Create | Tarkan |
| 18:03 | Create | Villager (Male) |
| 18:20 | Create | Villager (Male) |
| 18:22 | Create | Tarkan |
| 18:22 | Create | Tarkan |
| 18:25 | Create | Villager (Male) |
| 18:28 | Build | Farm |
| 18:35 | Create | Tarkan |
| 18:35 | Create | Tarkan |
| 18:38 | Create | Villager (Male) |
| 18:56 | Build | Farm |
| 18:59 | Create | Tarkan |
| 18:59 | Create | Tarkan |
| 19:12 | Build | Farm |
| 19:36 | Create | Tarkan |
| 19:36 | Create | Tarkan |
| 19:36 | Create | Tarkan |
| 19:41 | Create | Villager (Male) |
| 19:42 | Create | Villager (Male) |
| 19:45 | Build | Farm |
| 19:54 | Create | Tarkan |
| 19:54 | Create | Tarkan |
| 20:11 | Build | Farm |
| 20:17 | Create | Tarkan |
| 20:17 | Create | Tarkan |
| 20:18 | Create | Villager (Male) |
| 20:19 | Create | Villager (Male) |
| 20:22 | Build | Farm |
| 20:27 | Build | Farm |
| 20:29 | Create | Villager (Male) |
| 20:34 | Create | Tarkan |
| 20:34 | Create | Tarkan |
| 20:36 | Create | Villager (Male) |
| 20:36 | Create | Villager (Male) |
| 20:48 | Create | Villager (Male) |
| 21:10 | Build | Barracks |
| 21:19 | Create | Tarkan |
| 21:20 | Create | Tarkan |
| 21:20 | Create | Tarkan |
| 21:35 | Create | Villager (Male) |
| 21:36 | Build | Farm |
| 21:38 | Create | Tarkan |
| 22:04 | Create | Villager (Male) |
| 22:04 | Create | Villager (Male) |
| 22:08 | Build | Stable |
| 22:18 | Create | Villager (Male) |
| 22:27 | Create | Tarkan |
| 22:27 | Create | Tarkan |
| 23:01 | Research | Bloodlines |
| 23:27 | Create | Tarkan |
| 23:28 | Create | Tarkan |
| 23:37 | Create | Villager (Male) |
| 23:41 | Create | Villager (Male) |
| 23:47 | Build | Mining Camp |
| 23:49 | Create | Tarkan |
| 23:49 | Create | Tarkan |
| 23:50 | Create | Villager (Male) |
| 23:51 | Create | Villager (Male) |
| 24:05 | Research | Chain Barding Armor |
| 24:06 | Research | Chain Barding Armor |
| 24:28 | Create | Tarkan |
| 24:29 | Create | Tarkan |
| 24:29 | Create | Tarkan |
| 24:29 | Create | Tarkan |
| 24:40 | Create | Tarkan |
| 25:05 | Create | Tarkan |
| 25:05 | Create | Tarkan |
| 25:06 | Create | Villager (Male) |
| 25:06 | Create | Villager (Male) |
| 25:07 | Create | Villager (Male) |
| 25:22 | Create | Villager (Male) |
| 25:36 | Create | Villager (Male) |
| 25:37 | Create | Villager (Male) |
| 25:51 | Create | Tarkan |
| 25:51 | Create | Tarkan |
| 26:00 | Create | Tarkan |
Build order — KTrades123
First 150 of 439 actions detected
| 0:02 | Create | Villager (Male) |
| 0:02 | Create | Villager (Male) |
| 0:06 | Build | House |
| 0:08 | Build | House |
| 0:08 | Create | Villager (Male) |
| 0:09 | Create | Villager (Male) |
| 0:09 | Create | Villager (Male) |
| 1:27 | Create | Villager (Male) |
| 1:54 | Build | Lumber Camp |
| 2:03 | Create | Villager (Male) |
| 2:25 | Create | Villager (Male) |
| 2:53 | Create | Villager (Male) |
| 2:53 | Create | Villager (Male) |
| 3:07 | Create | Villager (Male) |
| 3:45 | Create | Villager (Male) |
| 3:55 | Build | House |
| 4:04 | Create | Villager (Male) |
| 4:18 | Create | Villager (Male) |
| 4:41 | Build | Mill |
| 4:56 | Create | Villager (Male) |
| 4:56 | Create | Villager (Male) |
| 4:57 | Create | Villager (Male) |
| 4:57 | Create | Villager (Male) |
| 5:20 | Create | Villager (Male) |
| 5:20 | Create | Villager (Male) |
| 5:33 | Build | House |
| 6:23 | Build | Mining Camp |
| 6:29 | Create | Villager (Male) |
| 6:30 | Create | Villager (Male) |
| 6:34 | Create | Villager (Male) |
| 6:34 | Create | Villager (Male) |
| 6:34 | Create | Villager (Male) |
| 6:47 | Create | Villager (Male) |
| 6:48 | Create | Villager (Male) |
| 7:17 | Build | Lumber Camp |
| 7:22 | Create | Villager (Male) |
| 7:24 | Create | Villager (Male) |
| 8:52 | Research | Feudal Age |
| 8:52 | Research | Feudal Age |
| 8:58 | Build | House |
| 10:13 | Create | Villager (Male) |
| 10:14 | Create | Villager (Male) |
| 10:22 | Create | Villager (Male) |
| 11:02 | Age | Feudal Age |
| 11:02 | Research | Tech 1014 |
| 11:09 | Build | Pasture |
| 11:14 | Build | Pasture |
| 11:20 | Build | Pasture |
| 11:54 | Create | Villager (Male) |
| 12:03 | Build | Market |
| 12:05 | Build | Blacksmith |
| 12:12 | Create | Villager (Male) |
| 13:21 | Research | Castle Age |
| 13:37 | Research | Double-Bit Axe |
| 13:45 | Build | Pasture |
| 13:51 | Build | Pasture |
| 14:27 | Research | Wheelbarrow |
| 14:27 | Research | Wheelbarrow |
| 14:55 | Build | Pasture |
| 16:01 | Age | Castle Age |
| 16:04 | Build | Town Center |
| 16:15 | Build | Town Center |
| 16:17 | Create | Villager (Male) |
| 16:32 | Build | House |
| 16:33 | Build | House |
| 16:34 | Build | House |
| 16:35 | Create | Villager (Male) |
| 16:47 | Build | Town Center |
| 16:54 | Research | Loom |
| 16:55 | Create | Villager (Male) |
| 17:18 | Create | Villager (Male) |
| 17:22 | Create | Villager (Male) |
| 17:22 | Create | Villager (Male) |
| 17:30 | Create | Villager (Male) |
| 17:33 | Build | House |
| 17:46 | Create | Villager (Male) |
| 17:51 | Create | Villager (Male) |
| 17:51 | Create | Villager (Male) |
| 17:52 | Create | Villager (Male) |
| 18:00 | Build | House |
| 18:17 | Create | Villager (Male) |
| 18:20 | Research | Hand Cart |
| 18:21 | Create | Villager (Male) |
| 18:36 | Create | Villager (Male) |
| 18:47 | Create | Villager (Male) |
| 18:47 | Create | Villager (Male) |
| 18:53 | Build | Pasture |
| 18:56 | Build | Pasture |
| 18:58 | Create | Villager (Male) |
| 19:02 | Build | House |
| 19:03 | Build | House |
| 19:04 | Create | Villager (Male) |
| 19:18 | Build | Pasture |
| 19:23 | Build | Pasture |
| 19:24 | Create | Villager (Male) |
| 19:24 | Create | Villager (Male) |
| 19:36 | Create | Villager (Male) |
| 19:41 | Create | Villager (Male) |
| 19:45 | Build | House |
| 19:46 | Build | House |
| 19:49 | Create | Villager (Male) |
| 19:55 | Create | Villager (Male) |
| 20:08 | Create | Villager (Male) |
| 20:15 | Create | Villager (Male) |
| 20:24 | Research | Loom |
| 20:26 | Create | Villager (Male) |
| 20:28 | Create | Villager (Male) |
| 20:30 | Build | Town Center |
| 20:32 | Create | Villager (Male) |
| 20:38 | Build | Pasture |
| 20:50 | Research | Tech 1013 |
| 20:51 | Create | Villager (Male) |
| 20:51 | Create | Villager (Male) |
| 20:51 | Create | Villager (Male) |
| 21:00 | Build | House |
| 21:01 | Build | House |
| 21:02 | Create | Villager (Male) |
| 21:10 | Create | Villager (Male) |
| 21:10 | Create | Villager (Male) |
| 21:20 | Build | Pasture |
| 21:21 | Create | Villager (Male) |
| 21:21 | Create | Villager (Male) |
| 21:26 | Build | Pasture |
| 21:30 | Create | Villager (Male) |
| 21:33 | Create | Villager (Male) |
| 21:33 | Create | Villager (Male) |
| 21:37 | Build | House |
| 21:39 | Build | House |
| 21:48 | Build | Pasture |
| 21:50 | Build | Pasture |
| 21:57 | Create | Villager (Male) |
| 21:57 | Create | Villager (Male) |
| 21:57 | Create | Villager (Male) |
| 21:59 | Create | Villager (Male) |
| 22:07 | Create | Villager (Male) |
| 22:12 | Create | Villager (Male) |
| 22:12 | Create | Villager (Male) |
| 22:16 | Build | Pasture |
| 22:21 | Create | Villager (Male) |
| 22:21 | Create | Villager (Male) |
| 22:22 | Create | Villager (Male) |
| 22:27 | Build | Pasture |
| 22:29 | Create | Villager (Male) |
| 22:29 | Create | Villager (Male) |
| 22:31 | Create | Villager (Male) |
| 22:31 | Create | Villager (Male) |
| 22:35 | Build | House |
| 22:36 | Build | House |
| 22:37 | Create | Villager (Male) |
| 22:38 | Create | Villager (Male) |
Build order — DS_TheHeartless
First 150 of 458 actions detected
| 0:02 | Create | Villager (Male) |
| 0:03 | Build | House |
| 0:04 | Build | House |
| 0:08 | Create | Villager (Male) |
| 0:10 | Create | Villager (Male) |
| 0:27 | Create | Villager (Male) |
| 1:27 | Create | Villager (Male) |
| 1:27 | Create | Villager (Male) |
| 2:00 | Build | Lumber Camp |
| 2:02 | Create | Villager (Male) |
| 2:23 | Create | Villager (Male) |
| 2:49 | Create | Villager (Male) |
| 3:04 | Create | Villager (Male) |
| 3:40 | Create | Villager (Male) |
| 3:41 | Create | Villager (Male) |
| 3:51 | Build | House |
| 3:52 | Build | House |
| 3:57 | Create | Villager (Male) |
| 4:12 | Create | Villager (Male) |
| 4:24 | Build | Mill |
| 4:48 | Create | Villager (Male) |
| 4:50 | Build | House |
| 4:57 | Create | Villager (Male) |
| 5:16 | Create | Villager (Male) |
| 5:19 | Create | Villager (Male) |
| 5:25 | Create | Villager (Male) |
| 6:15 | Create | Villager (Male) |
| 6:22 | Build | Farm |
| 6:27 | Build | Farm |
| 6:31 | Create | Villager (Male) |
| 6:48 | Create | Villager (Male) |
| 6:52 | Build | Farm |
| 7:30 | Build | Farm |
| 8:33 | Create | Villager (Male) |
| 8:47 | Build | Farm |
| 8:56 | Create | Villager (Male) |
| 8:57 | Research | Feudal Age |
| 9:17 | Build | Mining Camp |
| 9:48 | Build | Farm |
| 10:56 | Create | Villager (Male) |
| 10:56 | Create | Villager (Male) |
| 11:47 | Age | Feudal Age |
| 11:54 | Build | Market |
| 11:57 | Build | Blacksmith |
| 12:13 | Research | Double-Bit Axe |
| 12:14 | Research | Horse Collar |
| 12:14 | Research | Horse Collar |
| 12:41 | Research | Castle Age |
| 13:01 | Create | Villager (Male) |
| 13:32 | Build | House |
| 13:33 | Build | House |
| 15:21 | Age | Castle Age |
| 15:24 | Build | Town Center |
| 15:27 | Build | Town Center |
| 15:28 | Create | Villager (Male) |
| 15:41 | Create | Villager (Male) |
| 15:43 | Build | Town Center |
| 15:49 | Research | Bow Saw |
| 16:05 | Create | Villager (Male) |
| 16:07 | Build | Farm |
| 16:11 | Build | Farm |
| 16:18 | Create | Villager (Male) |
| 16:30 | Create | Villager (Male) |
| 16:35 | Build | Farm |
| 16:35 | Build | Farm |
| 16:38 | Build | Farm |
| 16:54 | Build | Farm |
| 16:55 | Create | Villager (Male) |
| 16:57 | Create | Villager (Male) |
| 17:03 | Create | Villager (Male) |
| 17:05 | Build | Farm |
| 17:13 | Create | Villager (Male) |
| 17:20 | Create | Villager (Male) |
| 17:21 | Create | Villager (Male) |
| 17:30 | Research | Wheelbarrow |
| 17:37 | Create | Villager (Male) |
| 17:52 | Create | Villager (Male) |
| 17:56 | Create | Villager (Male) |
| 17:58 | Build | Farm |
| 17:59 | Build | Farm |
| 17:59 | Build | Farm |
| 18:01 | Build | Farm |
| 18:04 | Create | Villager (Male) |
| 18:17 | Build | Farm |
| 18:23 | Create | Villager (Male) |
| 18:26 | Build | Farm |
| 18:28 | Build | Farm |
| 18:33 | Create | Villager (Male) |
| 18:52 | Build | University |
| 18:55 | Create | Villager (Male) |
| 19:05 | Create | Villager (Male) |
| 19:06 | Create | Villager (Male) |
| 19:07 | Build | Farm |
| 19:09 | Build | Farm |
| 19:11 | Create | Villager (Male) |
| 19:17 | Create | Villager (Male) |
| 19:23 | Create | Villager (Male) |
| 19:43 | Build | Monastery |
| 19:46 | Create | Villager (Male) |
| 19:52 | Build | Market |
| 19:57 | Build | Gate |
| 19:58 | Create | Villager (Male) |
| 20:05 | Research | Fortified Wall (upgrade) |
| 20:06 | Create | Villager (Male) |
| 20:07 | Create | Villager (Male) |
| 20:07 | Create | Villager (Male) |
| 20:15 | Create | Monk |
| 20:24 | Build | Siege Workshop |
| 20:27 | Create | Villager (Male) |
| 20:28 | Create | Villager (Male) |
| 20:40 | Create | Villager (Male) |
| 20:45 | Build | House |
| 20:46 | Build | House |
| 20:52 | Build | House |
| 20:58 | Build | Gate |
| 20:59 | Create | Villager (Male) |
| 21:08 | Build | House |
| 21:10 | Create | Villager (Male) |
| 21:16 | Build | House |
| 21:18 | Build | House |
| 21:21 | Build | Palisade Wall |
| 21:22 | Create | Villager (Male) |
| 21:30 | Create | Monk |
| 21:33 | Create | Villager (Male) |
| 21:35 | Build | House |
| 21:36 | Create | Villager (Male) |
| 21:42 | Create | Mangonel |
| 21:51 | Create | Villager (Male) |
| 21:59 | Build | Palisade Wall |
| 22:03 | Create | Villager (Male) |
| 22:16 | Create | Villager (Male) |
| 22:31 | Create | Monk |
| 22:32 | Create | Villager (Male) |
| 22:33 | Create | Villager (Male) |
| 22:34 | Build | Farm |
| 22:38 | Build | Farm |
| 22:39 | Build | Farm |
| 22:42 | Build | Market |
| 22:49 | Create | Villager (Male) |
| 22:51 | Create | Villager (Male) |
| 23:02 | Create | Villager (Male) |
| 23:07 | Build | Farm |
| 23:13 | Create | Villager (Male) |
| 23:21 | Create | Villager (Male) |
| 23:25 | Create | Villager (Male) |
| 23:35 | Create | Monk |
| 23:40 | Research | Fletching |
| 23:46 | Build | House |
| 23:47 | Create | Villager (Male) |
| 23:53 | Build | House |
Build order — TaNa
First 150 of 364 actions detected
| 0:00 | Create | Villager (Male) |
| 0:01 | Create | Villager (Male) |
| 0:02 | Build | House |
| 0:03 | Build | House |
| 0:04 | Create | Villager (Male) |
| 0:04 | Create | Villager (Male) |
| 1:22 | Create | Villager (Male) |
| 1:43 | Build | Lumber Camp |
| 1:58 | Create | Villager (Male) |
| 2:12 | Create | Villager (Male) |
| 2:48 | Create | Villager (Male) |
| 3:07 | Build | House |
| 3:15 | Create | Villager (Male) |
| 3:15 | Create | Villager (Male) |
| 3:46 | Create | Villager (Male) |
| 4:32 | Create | Villager (Male) |
| 4:35 | Create | Villager (Male) |
| 5:00 | Create | Villager (Male) |
| 5:00 | Create | Villager (Male) |
| 5:28 | Create | Villager (Male) |
| 5:32 | Create | Villager (Male) |
| 5:44 | Create | Villager (Male) |
| 5:44 | Create | Villager (Male) |
| 5:49 | Create | Villager (Male) |
| 5:49 | Create | Villager (Male) |
| 6:02 | Create | Villager (Male) |
| 6:04 | Build | Mill |
| 6:50 | Research | Feudal Age |
| 6:50 | Research | Feudal Age |
| 7:28 | Build | Lumber Camp |
| 8:11 | Build | House |
| 8:13 | Build | House |
| 8:18 | Create | Villager (Male) |
| 8:52 | Create | Villager (Male) |
| 9:00 | Age | Feudal Age |
| 9:19 | Research | Double-Bit Axe |
| 9:19 | Research | Double-Bit Axe |
| 9:20 | Research | Horse Collar |
| 9:41 | Create | Villager (Male) |
| 9:53 | Build | Mining Camp |
| 10:04 | Create | Villager (Male) |
| 10:15 | Build | Farm |
| 10:20 | Build | Farm |
| 10:23 | Create | Villager (Male) |
| 10:32 | Create | Villager (Male) |
| 10:38 | Build | House |
| 10:43 | Research | Gold Mining |
| 10:43 | Research | Gold Mining |
| 10:45 | Create | Villager (Male) |
| 10:48 | Build | House |
| 10:59 | Build | Farm |
| 11:01 | Build | Farm |
| 11:03 | Create | Villager (Male) |
| 11:31 | Create | Villager (Male) |
| 11:47 | Build | Market |
| 12:00 | Build | Farm |
| 12:07 | Build | Blacksmith |
| 12:15 | Build | Farm |
| 12:20 | Build | Farm |
| 12:24 | Create | Villager (Male) |
| 12:35 | Build | Farm |
| 12:39 | Build | Farm |
| 12:52 | Create | Villager (Male) |
| 13:02 | Build | Farm |
| 13:32 | Create | Villager (Male) |
| 14:13 | Research | Castle Age |
| 16:05 | Research | Wheelbarrow |
| 16:53 | Age | Castle Age |
| 16:55 | Build | Town Center |
| 16:59 | Build | Town Center |
| 17:01 | Create | Villager (Male) |
| 17:14 | Build | Barracks |
| 17:18 | Create | Villager (Male) |
| 17:26 | Research | Bow Saw |
| 17:27 | Research | Heavy Plow |
| 17:43 | Build | Farm |
| 17:47 | Build | Farm |
| 18:10 | Create | Villager (Male) |
| 18:20 | Create | Villager (Male) |
| 18:26 | Create | Villager (Male) |
| 18:27 | Create | Villager (Male) |
| 18:27 | Create | Villager (Male) |
| 18:28 | Create | Villager (Male) |
| 18:38 | Build | Archery Range |
| 18:46 | Create | Villager (Male) |
| 18:49 | Build | Farm |
| 18:49 | Build | Farm |
| 18:50 | Build | Farm |
| 18:50 | Build | Farm |
| 18:57 | Build | Farm |
| 19:02 | Create | Villager (Male) |
| 19:09 | Build | House |
| 19:10 | Build | House |
| 19:11 | Build | House |
| 19:11 | Create | Villager (Male) |
| 19:12 | Create | Villager (Male) |
| 19:28 | Build | Farm |
| 19:31 | Create | Villager (Male) |
| 19:34 | Build | Farm |
| 19:41 | Build | Farm |
| 19:42 | Create | Villager (Male) |
| 19:47 | Research | Fletching |
| 19:47 | Research | Fletching |
| 19:49 | Create | Villager (Male) |
| 19:49 | Create | Villager (Male) |
| 19:49 | Create | Villager (Male) |
| 19:52 | Create | Unit 1952 |
| 19:52 | Create | Unit 1952 |
| 19:58 | Create | Villager (Male) |
| 20:05 | Create | Villager (Male) |
| 20:15 | Create | Villager (Male) |
| 20:19 | Create | Villager (Male) |
| 20:33 | Build | Farm |
| 20:34 | Build | Farm |
| 20:34 | Build | Farm |
| 20:34 | Build | Farm |
| 20:35 | Build | Farm |
| 20:35 | Build | Farm |
| 20:35 | Build | Farm |
| 20:36 | Build | Farm |
| 20:36 | Build | Farm |
| 20:44 | Create | Villager (Male) |
| 20:44 | Create | Villager (Male) |
| 20:44 | Create | Villager (Male) |
| 20:47 | Build | House |
| 20:48 | Build | House |
| 20:49 | Build | House |
| 20:59 | Build | Mining Camp |
| 21:00 | Create | Villager (Male) |
| 21:16 | Create | Unit 1952 |
| 21:16 | Create | Unit 1952 |
| 21:24 | Create | Villager (Male) |
| 21:25 | Create | Villager (Male) |
| 21:29 | Create | Villager (Male) |
| 21:37 | Build | Archery Range |
| 21:45 | Create | Villager (Male) |
| 21:51 | Create | Unit 1952 |
| 21:57 | Create | Villager (Male) |
| 21:59 | Create | Unit 1952 |
| 22:00 | Create | Unit 1952 |
| 22:01 | Create | Villager (Male) |
| 22:09 | Create | Villager (Male) |
| 22:13 | Build | House |
| 22:14 | Build | House |
| 22:16 | Build | House |
| 22:21 | Research | Hand Cart |
| 22:25 | Create | Unit 1952 |
| 22:26 | Create | Unit 1952 |
| 22:36 | Create | Villager (Male) |
| 22:36 | Create | Villager (Male) |
Build order — DS_Kawakaze
First 150 of 403 actions detected
| 0:01 | Create | Villager (Male) ×4 |
| 0:03 | Build | House |
| 0:04 | Build | House |
| 1:42 | Create | Villager (Male) |
| 1:59 | Build | Lumber Camp |
| 2:10 | Create | Villager (Male) |
| 2:11 | Create | Villager (Male) |
| 2:38 | Create | Villager (Male) |
| 2:38 | Create | Villager (Male) |
| 2:56 | Create | Villager (Male) |
| 3:28 | Create | Villager (Male) |
| 3:29 | Create | Villager (Male) |
| 3:40 | Create | Villager (Male) |
| 3:56 | Build | House |
| 3:57 | Build | House |
| 4:05 | Create | Villager (Male) |
| 4:20 | Create | Villager (Male) |
| 4:47 | Create | Villager (Male) |
| 5:00 | Build | Mill |
| 5:05 | Create | Villager (Male) |
| 5:27 | Create | Villager (Male) |
| 5:44 | Create | Villager (Male) |
| 6:06 | Create | Villager (Male) |
| 6:42 | Build | Farm |
| 6:45 | Build | Farm |
| 6:50 | Create | Villager (Male) |
| 7:04 | Create | Villager (Male) |
| 7:48 | Create | Villager (Male) |
| 7:52 | Build | House |
| 8:26 | Research | Feudal Age |
| 8:56 | Build | Mining Camp |
| 9:48 | Create | Villager (Male) |
| 10:38 | Age | Feudal Age |
| 10:40 | Build | Market |
| 10:44 | Build | Blacksmith |
| 10:55 | Create | Villager (Male) |
| 11:36 | Research | Castle Age |
| 12:10 | Research | Double-Bit Axe |
| 12:11 | Research | Horse Collar |
| 12:25 | Build | Farm |
| 12:28 | Build | Farm |
| 13:45 | Create | Villager (Male) |
| 14:16 | Age | Castle Age |
| 14:20 | Build | Town Center |
| 14:31 | Build | Town Center |
| 14:38 | Create | Villager (Male) |
| 15:00 | Build | House |
| 15:03 | Research | Bow Saw |
| 15:04 | Create | Villager (Male) |
| 15:11 | Build | Farm |
| 15:27 | Create | Villager (Male) |
| 15:33 | Build | Farm |
| 15:37 | Build | Farm |
| 15:41 | Build | House |
| 15:42 | Build | House |
| 15:52 | Create | Villager (Male) |
| 15:53 | Create | Villager (Male) |
| 15:53 | Create | Villager (Male) |
| 15:59 | Create | Villager (Male) |
| 16:06 | Build | Farm |
| 16:06 | Create | Villager (Male) |
| 16:08 | Build | Farm |
| 16:11 | Build | Farm |
| 16:22 | Build | Farm |
| 16:24 | Create | Villager (Male) |
| 16:24 | Create | Villager (Male) |
| 16:29 | Build | Farm |
| 16:36 | Create | Villager (Male) |
| 16:37 | Create | Villager (Male) |
| 16:37 | Create | Villager (Male) |
| 16:40 | Build | Farm |
| 16:44 | Build | Farm |
| 16:47 | Build | House |
| 16:49 | Create | Villager (Male) |
| 16:55 | Build | Farm |
| 16:55 | Create | Villager (Male) |
| 17:01 | Build | Farm |
| 17:09 | Build | Farm |
| 17:15 | Build | Farm |
| 17:17 | Create | Villager (Male) |
| 17:18 | Create | Villager (Male) |
| 17:21 | Build | House |
| 17:27 | Build | Farm |
| 17:29 | Create | Villager (Male) |
| 17:30 | Create | Villager (Male) |
| 17:33 | Build | Farm |
| 17:43 | Build | Farm |
| 17:45 | Create | Villager (Male) |
| 17:45 | Create | Villager (Male) |
| 17:46 | Create | Villager (Male) |
| 17:48 | Create | Villager (Male) |
| 17:55 | Create | Villager (Male) |
| 17:56 | Create | Villager (Male) |
| 18:00 | Build | Farm |
| 18:07 | Build | House |
| 18:13 | Build | Farm |
| 18:15 | Create | Villager (Male) |
| 18:15 | Create | Villager (Male) |
| 18:18 | Build | Farm |
| 18:20 | Create | Villager (Male) |
| 18:21 | Create | Villager (Male) |
| 18:22 | Create | Villager (Male) |
| 18:27 | Build | Farm |
| 18:32 | Build | House |
| 18:37 | Create | Villager (Male) |
| 18:38 | Create | Villager (Male) |
| 18:45 | Build | Farm |
| 18:46 | Create | Villager (Male) |
| 18:46 | Create | Villager (Male) |
| 18:49 | Create | Villager (Male) |
| 18:53 | Create | Villager (Male) |
| 19:02 | Build | Monastery |
| 19:07 | Create | Villager (Male) |
| 19:07 | Create | Villager (Male) |
| 19:14 | Build | House |
| 19:15 | Create | Villager (Male) |
| 19:15 | Create | Villager (Male) |
| 19:19 | Create | Villager (Male) |
| 19:21 | Build | Farm |
| 19:22 | Create | Villager (Male) |
| 19:28 | Create | Villager (Male) |
| 19:41 | Build | Farm |
| 19:46 | Build | Farm |
| 19:47 | Create | Villager (Male) |
| 19:51 | Build | Farm |
| 19:51 | Create | Villager (Male) |
| 19:53 | Research | Fervor |
| 19:54 | Create | Monk |
| 20:00 | Create | Villager (Male) |
| 20:02 | Create | Villager (Male) |
| 20:05 | Build | House |
| 20:06 | Build | House |
| 20:07 | Create | Villager (Male) |
| 20:16 | Build | Farm |
| 20:18 | Build | Farm |
| 20:20 | Create | Villager (Male) |
| 20:22 | Build | Farm |
| 20:24 | Build | Farm |
| 20:25 | Create | Villager (Male) |
| 20:28 | Create | Villager (Male) |
| 20:34 | Create | Villager (Male) |
| 20:35 | Create | Villager (Male) |
| 20:37 | Create | Villager (Male) |
| 20:45 | Build | Mining Camp |
| 20:46 | Create | Villager (Male) |
| 20:49 | Research | Loom |
| 20:54 | Build | House |
| 20:56 | Build | House |
| 20:57 | Research | Wheelbarrow |
| 20:58 | Research | Wheelbarrow |
Build order — DS_Reg
133 actions detected in the replay
| 0:01 | Create | Villager (Male) |
| 0:01 | Create | Villager (Male) |
| 0:01 | Create | Villager (Male) |
| 0:02 | Build | House |
| 0:03 | Build | House |
| 0:10 | Create | Villager (Male) |
| 0:10 | Create | Villager (Male) |
| 1:28 | Create | Villager (Male) |
| 2:01 | Create | Villager (Male) |
| 2:18 | Create | Villager (Male) |
| 2:20 | Build | Lumber Camp |
| 2:41 | Create | Villager (Male) |
| 2:51 | Create | Villager (Male) |
| 3:06 | Build | House |
| 3:08 | Build | House |
| 3:14 | Create | Villager (Male) |
| 3:27 | Create | Villager (Male) |
| 3:38 | Build | Palisade Wall |
| 3:42 | Create | Villager (Male) |
| 4:15 | Create | Villager (Male) |
| 4:52 | Create | Villager (Male) |
| 5:32 | Build | Mill |
| 5:46 | Create | Villager (Male) |
| 6:04 | Create | Villager (Male) |
| 6:21 | Create | Villager (Male) |
| 6:38 | Create | Villager (Male) |
| 7:18 | Build | Mining Camp |
| 7:30 | Create | Villager (Male) |
| 7:36 | Research | Feudal Age |
| 9:20 | Create | Villager (Male) |
| 9:21 | Create | Villager (Male) |
| 10:06 | Age | Feudal Age |
| 10:09 | Build | Blacksmith |
| 10:11 | Build | Market |
| 10:36 | Build | Mining Camp |
| 10:39 | Research | Loom |
| 11:16 | Research | Castle Age |
| 11:50 | Build | House |
| 12:26 | Research | Double-Bit Axe |
| 12:26 | Research | Double-Bit Axe |
| 13:04 | Build | Palisade Wall |
| 14:01 | Age | Castle Age |
| 14:04 | Build | Castle |
| 14:10 | Build | Palisade Wall |
| 14:20 | Build | Palisade Wall |
| 14:21 | Build | Palisade Wall |
| 14:25 | Build | Palisade Gate |
| 14:27 | Build | Palisade Wall |
| 14:30 | Build | Palisade Wall |
| 14:39 | Build | Mining Camp |
| 15:14 | Build | Monastery |
| 15:19 | Create | Hussite Wagon |
| 15:20 | Create | Hussite Wagon |
| 15:39 | Build | Outpost |
| 15:42 | Build | House |
| 15:51 | Create | Monk |
| 15:58 | Research | Fervor |
| 16:17 | Create | Hussite Wagon |
| 17:23 | Build | Outpost |
| 17:58 | Create | Monk |
| 21:01 | Research | Imperial Age |
| 21:16 | Research | Sanctity |
| 22:08 | Research | Redemption |
| 22:32 | Create | Monk |
| 23:06 | Build | Monastery |
| 24:11 | Age | Imperial Age |
| 24:12 | Create | Trebuchet (Packed) |
| 24:12 | Create | Trebuchet (Packed) |
| 24:14 | Research | Block Printing |
| 24:30 | Create | Monk |
| 24:52 | Build | House |
| 24:53 | Build | House |
| 25:00 | Create | Monk |
| 25:28 | Build | Siege Workshop |
| 25:40 | Create | Monk |
| 25:42 | Create | Hussite Wagon |
| 25:48 | Build | House |
| 26:04 | Create | Hussite Wagon |
| 26:54 | Create | Hussite Wagon |
| 26:54 | Create | Hussite Wagon |
| 27:02 | Create | Monk |
| 27:03 | Create | Monk |
| 27:17 | Create | Monk |
| 27:18 | Create | Monk |
| 27:18 | Create | Monk |
| 27:30 | Create | Mangonel |
| 28:01 | Create | Hussite Wagon |
| 28:02 | Create | Monk |
| 28:27 | Create | Hussite Wagon |
| 28:52 | Create | Hussite Wagon |
| 28:57 | Build | House |
| 28:57 | Build | House |
| 28:58 | Build | House |
| 29:02 | Create | Trebuchet (Packed) |
| 29:16 | Create | Monk |
| 29:16 | Create | Monk |
| 29:21 | Build | Mining Camp |
| 29:30 | Create | Monk |
| 29:30 | Create | Monk |
| 29:30 | Create | Monk |
| 29:31 | Create | Monk |
| 29:56 | Create | Hussite Wagon |
| 30:04 | Create | Monk |
| 30:04 | Create | Monk |
| 31:08 | Build | Siege Workshop |
| 31:36 | Create | Monk |
| 31:43 | Research | Illumination |
| 31:53 | Create | Battering Ram |
| 31:55 | Build | House |
| 32:12 | Build | Monastery |
| 32:56 | Create | Hussite Wagon |
| 32:57 | Create | Hussite Wagon |
| 33:44 | Create | Hussite Wagon |
| 33:44 | Create | Hussite Wagon |
| 34:22 | Create | Hussite Wagon |
| 35:30 | Build | Mining Camp |
| 35:46 | Create | Hussite Wagon |
| 36:04 | Create | Scorpion |
| 36:21 | Create | Monk |
| 37:11 | Build | Castle |
| 37:29 | Create | Hussite Wagon |
| 37:59 | Create | Hussite Wagon |
| 37:59 | Create | Hussite Wagon |
| 38:34 | Create | Hussite Wagon |
| 38:55 | Create | Monk |
| 38:55 | Create | Monk |
| 39:14 | Create | Trebuchet (Packed) |
| 39:52 | Create | Monk |
| 39:52 | Create | Monk |
| 40:06 | Build | Castle |
| 40:19 | Create | Monk |
| 40:20 | Create | Monk |
| 40:37 | Create | Hussite Wagon |
Build order — DS_Erick307
First 150 of 307 actions detected
| 0:02 | Create | Villager (Male) |
| 0:02 | Create | Villager (Male) |
| 0:03 | Create | Villager (Male) |
| 0:03 | Create | Villager (Male) |
| 0:04 | Build | House |
| 0:06 | Build | House |
| 1:16 | Create | Villager (Male) |
| 1:56 | Build | Lumber Camp |
| 2:01 | Create | Villager (Male) |
| 2:07 | Create | Villager (Male) |
| 2:07 | Create | Villager (Male) |
| 2:28 | Create | Villager (Male) |
| 2:40 | Build | House |
| 3:06 | Create | Villager (Male) |
| 3:21 | Create | Villager (Male) |
| 3:24 | Build | House |
| 4:06 | Create | Villager (Male) |
| 4:22 | Create | Villager (Male) |
| 4:39 | Create | Villager (Male) |
| 4:43 | Build | Mill |
| 5:20 | Create | Villager (Male) |
| 5:20 | Create | Villager (Male) |
| 5:20 | Create | Villager (Male) |
| 6:00 | Create | Villager (Male) |
| 6:18 | Build | Farm |
| 6:20 | Build | Farm |
| 6:37 | Create | Villager (Male) |
| 6:49 | Build | Mining Camp |
| 6:54 | Create | Villager (Male) |
| 6:54 | Create | Villager (Male) |
| 7:16 | Build | House |
| 7:23 | Build | House |
| 7:43 | Build | Farm |
| 7:47 | Build | Farm |
| 8:24 | Create | Villager (Male) |
| 8:50 | Research | Feudal Age |
| 10:51 | Create | Villager (Male) |
| 10:51 | Create | Villager (Male) |
| 11:00 | Age | Feudal Age |
| 11:09 | Build | Market |
| 11:14 | Build | Blacksmith |
| 11:58 | Create | Villager (Male) |
| 12:16 | Research | Castle Age |
| 12:33 | Build | House |
| 12:34 | Build | House |
| 13:50 | Create | Villager (Male) |
| 13:51 | Create | Villager (Male) |
| 14:31 | Build | Stone Wall |
| 14:56 | Age | Castle Age |
| 15:07 | Build | Castle |
| 15:23 | Build | Stone Wall |
| 15:26 | Build | Farm |
| 15:27 | Create | Villager (Male) |
| 15:32 | Build | Farm |
| 15:34 | Create | Villager (Male) |
| 15:51 | Build | Stone Wall |
| 15:54 | Build | Stone Wall |
| 15:56 | Build | Stone Wall |
| 16:00 | Build | Stone Wall |
| 16:08 | Build | Mining Camp |
| 16:20 | Build | House |
| 16:31 | Create | Villager (Male) |
| 16:34 | Build | Monastery |
| 16:41 | Build | Siege Workshop |
| 16:46 | Create | Villager (Male) |
| 17:06 | Build | Lumber Camp |
| 17:08 | Create | Villager (Male) |
| 17:08 | Create | Villager (Male) |
| 17:16 | Create | Mangonel |
| 17:29 | Create | Villager (Male) |
| 17:48 | Create | Villager (Male) |
| 18:06 | Create | Villager (Male) |
| 18:15 | Build | Stone Wall |
| 18:21 | Build | Stone Wall |
| 18:22 | Create | Villager (Male) |
| 18:26 | Build | Farm |
| 18:26 | Build | Farm |
| 18:26 | Build | Farm |
| 18:26 | Build | Farm |
| 18:48 | Research | Double-Bit Axe |
| 19:10 | Create | Organ Gun |
| 19:11 | Create | Villager (Male) |
| 19:24 | Create | Monk |
| 19:31 | Create | Villager (Male) |
| 19:33 | Create | Monk |
| 19:35 | Create | Villager (Male) |
| 19:43 | Build | Town Center |
| 19:49 | Create | Organ Gun |
| 20:04 | Build | Outpost |
| 20:08 | Create | Villager (Male) |
| 20:10 | Build | Farm |
| 20:10 | Create | Villager (Male) |
| 20:27 | Create | Villager (Male) |
| 20:43 | Create | Villager (Male) |
| 20:43 | Create | Villager (Male) |
| 20:43 | Create | Villager (Male) |
| 21:07 | Create | Villager (Male) |
| 21:10 | Create | Villager (Male) |
| 21:25 | Build | Town Center |
| 21:26 | Create | Villager (Male) |
| 21:27 | Create | Villager (Male) |
| 21:29 | Build | Farm |
| 21:30 | Build | Farm |
| 21:32 | Build | Farm |
| 21:35 | Build | Farm |
| 21:36 | Build | Farm |
| 21:38 | Create | Villager (Male) |
| 21:49 | Create | Villager (Male) |
| 22:05 | Create | Villager (Male) |
| 22:17 | Create | Monk |
| 22:20 | Build | Farm |
| 22:23 | Build | Farm |
| 22:24 | Build | Farm |
| 22:24 | Create | Villager (Male) |
| 22:29 | Create | Villager (Male) |
| 22:41 | Create | Monk |
| 22:53 | Create | Villager (Male) |
| 22:56 | Create | Villager (Male) |
| 22:57 | Create | Villager (Male) |
| 23:02 | Build | Farm |
| 23:04 | Create | Villager (Male) |
| 23:04 | Create | Villager (Male) |
| 23:29 | Create | Villager (Male) |
| 23:29 | Create | Villager (Male) |
| 23:30 | Create | Villager (Male) |
| 23:32 | Create | Villager (Male) |
| 23:33 | Create | Villager (Male) |
| 23:33 | Create | Battering Ram |
| 23:41 | Create | Villager (Male) |
| 23:41 | Create | Villager (Male) |
| 23:43 | Build | Farm |
| 23:43 | Build | Farm |
| 23:44 | Build | Farm |
| 23:44 | Build | Farm |
| 23:44 | Build | Farm |
| 23:44 | Build | Farm |
| 23:52 | Create | Villager (Male) |
| 23:52 | Create | Villager (Male) |
| 24:07 | Create | Villager (Male) |
| 24:08 | Create | Villager (Male) |
| 24:14 | Build | House |
| 24:17 | Create | Monk |
| 24:19 | Create | Villager (Male) |
| 24:27 | Build | House |
| 24:30 | Create | Villager (Male) |
| 24:31 | Create | Villager (Male) |
| 24:43 | Create | Villager (Male) |
| 24:54 | Create | Villager (Male) |
| 24:54 | Create | Villager (Male) |
| 25:09 | Create | Villager (Male) |
Build order — DS_Moai
First 150 of 432 actions detected
| 0:03 | Create | Villager (Male) |
| 0:03 | Create | Villager (Male) |
| 0:03 | Create | Villager (Male) |
| 0:04 | Build | House |
| 0:05 | Build | House |
| 0:17 | Create | Villager (Male) |
| 0:17 | Create | Villager (Male) |
| 1:12 | Create | Villager (Male) |
| 1:13 | Create | Villager (Male) |
| 1:56 | Create | Villager (Male) |
| 2:31 | Create | Villager (Male) |
| 2:31 | Create | Villager (Male) |
| 2:48 | Build | House |
| 2:54 | Build | Lumber Camp |
| 2:56 | Create | Villager (Male) |
| 2:56 | Create | Villager (Male) |
| 3:23 | Create | Villager (Male) |
| 3:23 | Create | Villager (Male) |
| 3:24 | Create | Villager (Male) |
| 4:07 | Create | Villager (Male) |
| 4:27 | Create | Villager (Male) |
| 4:28 | Create | Villager (Male) |
| 4:58 | Create | Villager (Male) |
| 5:12 | Build | House |
| 5:18 | Create | Villager (Male) |
| 5:21 | Build | Mill |
| 5:48 | Create | Villager (Male) |
| 6:15 | Create | Villager (Male) |
| 6:38 | Create | Villager (Male) |
| 7:03 | Create | Villager (Male) |
| 7:12 | Build | Mining Camp |
| 7:24 | Create | Villager (Male) |
| 7:51 | Research | Feudal Age |
| 8:01 | Build | Farm |
| 9:06 | Build | Farm |
| 9:18 | Build | Farm |
| 10:08 | Age | Feudal Age |
| 10:09 | Research | Castle Age |
| 10:47 | Research | Double-Bit Axe |
| 10:55 | Build | House |
| 11:07 | Research | Horse Collar |
| 11:07 | Research | Horse Collar |
| 11:25 | Build | Farm |
| 12:43 | Create | Villager (Male) |
| 12:49 | Age | Castle Age |
| 12:51 | Build | Town Center |
| 13:02 | Create | Villager (Male) |
| 13:05 | Research | Bow Saw |
| 13:34 | Create | Villager (Male) |
| 13:54 | Create | Villager (Male) |
| 14:05 | Build | Market |
| 14:07 | Create | Villager (Male) |
| 14:15 | Create | Villager (Male) |
| 14:17 | Build | Farm |
| 14:33 | Build | Farm |
| 14:34 | Create | Villager (Male) |
| 14:34 | Create | Villager (Male) |
| 14:36 | Build | Farm |
| 14:50 | Build | Farm |
| 14:55 | Build | Farm |
| 14:57 | Create | Villager (Male) |
| 15:01 | Create | Villager (Male) |
| 15:02 | Create | Villager (Male) |
| 15:02 | Create | Villager (Male) |
| 15:16 | Build | Town Center |
| 15:23 | Create | Villager (Male) |
| 15:28 | Build | House |
| 15:39 | Build | Farm |
| 15:42 | Create | Villager (Male) |
| 15:48 | Create | Villager (Male) |
| 15:57 | Build | Farm |
| 16:03 | Build | Farm |
| 16:04 | Create | Villager (Male) |
| 16:09 | Build | House |
| 16:15 | Create | Villager (Male) |
| 16:19 | Build | Farm |
| 16:31 | Create | Villager (Male) |
| 16:31 | Create | Villager (Male) |
| 16:34 | Build | Farm |
| 16:37 | Build | Farm |
| 16:39 | Create | Villager (Male) |
| 16:39 | Create | Villager (Male) |
| 16:57 | Build | Farm |
| 16:58 | Create | Villager (Male) |
| 16:58 | Create | Villager (Male) |
| 17:00 | Build | Farm |
| 17:02 | Create | Villager (Male) |
| 17:04 | Build | Farm |
| 17:10 | Create | Villager (Male) |
| 17:11 | Create | Villager (Male) |
| 17:13 | Build | Farm |
| 17:19 | Create | Villager (Male) |
| 17:33 | Build | Farm |
| 17:35 | Build | Farm |
| 17:37 | Create | Villager (Male) |
| 17:38 | Create | Villager (Male) |
| 17:38 | Create | Villager (Male) |
| 17:49 | Create | Villager (Male) |
| 17:49 | Create | Villager (Male) |
| 17:50 | Create | Villager (Male) |
| 18:03 | Create | Villager (Male) |
| 18:05 | Build | Town Center |
| 18:13 | Create | Villager (Male) |
| 18:17 | Build | House |
| 18:23 | Build | Farm |
| 18:28 | Create | Villager (Male) |
| 18:28 | Create | Villager (Male) |
| 18:38 | Research | Heavy Plow |
| 18:45 | Build | Farm |
| 18:47 | Create | Villager (Male) |
| 18:47 | Create | Villager (Male) |
| 18:49 | Build | Farm |
| 18:51 | Create | Villager (Male) |
| 18:52 | Create | Villager (Male) |
| 18:56 | Build | Farm |
| 18:58 | Create | Villager (Male) |
| 19:04 | Build | House |
| 19:22 | Research | Wheelbarrow |
| 19:31 | Create | Villager (Male) |
| 19:31 | Create | Villager (Male) |
| 19:39 | Build | House |
| 19:43 | Create | Villager (Male) |
| 19:46 | Build | Monastery |
| 19:50 | Create | Villager (Male) |
| 19:51 | Create | Villager (Male) |
| 20:04 | Create | Villager (Male) |
| 20:04 | Create | Villager (Male) |
| 20:23 | Build | Town Center |
| 20:26 | Create | Villager (Male) |
| 20:27 | Create | Villager (Male) |
| 20:32 | Create | Monk |
| 20:33 | Create | Villager (Male) |
| 20:33 | Create | Villager (Male) |
| 20:38 | Build | Farm |
| 20:39 | Build | Farm |
| 20:42 | Build | Farm |
| 20:46 | Build | House |
| 20:47 | Create | Villager (Male) |
| 20:48 | Create | Villager (Male) |
| 20:50 | Create | Villager (Male) |
| 20:58 | Create | Villager (Male) |
| 21:00 | Build | House |
| 21:05 | Build | Mining Camp |
| 21:12 | Research | Loom |
| 21:17 | Build | House |
| 21:21 | Create | Monk |
| 21:21 | Create | Villager (Male) |
| 21:24 | Build | House |
| 21:27 | Build | House |
| 21:27 | Build | House |
Match timeline
| 3:38 | DS_Reg · wall_segment Palisade Wall x1 |
| 9:00 | TaNa · age_up feudal |
| 10:06 | DS_Reg · age_up feudal |
| 10:08 | DS_Moai · age_up feudal |
| 10:33 | DS_Tortafuller · age_up feudal |
| 10:38 | DS_Kawakaze · age_up feudal |
| 11:00 | DS_Erick307 · age_up feudal |
| 11:02 | KTrades123 · age_up feudal |
| 11:47 | DS_TheHeartless · age_up feudal |
| 12:12 | DS_Erick307 · first_market_sell 100 wood |
| 12:49 | DS_Moai · age_up castle |
| 13:04 | DS_Reg · wall_segment Palisade Wall x1 |
| 13:26 | TaNa · first_market_buy 100 food |
| 13:38 | TaNa · first_market_sell 100 wood |
| 14:01 | DS_Reg · age_up castle |
| 14:04 | DS_Reg · first_building Castle |
| 14:10 | DS_Reg · wall_segment Palisade Wall x1 |
| 14:16 | DS_Kawakaze · age_up castle |
| 14:20 | DS_Reg · wall_segment Palisade Wall x1 |
| 14:21 | DS_Reg · wall_segment Palisade Wall x1 |
| 14:24 | DS_Tortafuller · age_up castle |
| 14:27 | DS_Reg · wall_segment Palisade Wall x1 |
| 14:30 | DS_Reg · wall_segment Palisade Wall x1 |
| 14:31 | DS_Erick307 · wall_segment Stone Wall x8 |
| 14:54 | DS_Tortafuller · first_building Castle |
| 14:56 | DS_Erick307 · age_up castle |
| 15:01 | DS_Moai · first_market_buy 100 food |
| 15:07 | DS_Erick307 · first_building Castle |
| 15:14 | DS_Reg · first_building Monastery |
| 15:21 | DS_TheHeartless · age_up castle |
| 15:23 | DS_Erick307 · wall_segment Stone Wall x6 |
| 15:39 | DS_TheHeartless · first_market_buy 100 stone |
| 15:51 | DS_Erick307 · wall_segment Stone Wall x1 |
| 15:54 | DS_Erick307 · wall_segment Stone Wall x1 |
| 15:56 | DS_Erick307 · wall_segment Stone Wall x1 |
| 16:00 | DS_Erick307 · wall_segment Stone Wall x1 |
| 16:01 | KTrades123 · age_up castle |
| 16:34 | DS_Erick307 · first_building Monastery |
| 16:36 | DS_Kawakaze · first_market_buy 100 food |
| 16:40 | KTrades123 · first_market_buy 100 stone |
| 16:41 | DS_Erick307 · first_building Siege Workshop |
| 16:53 | TaNa · age_up castle |
| 17:14 | TaNa · first_building Barracks |
| 17:15 | DS_Erick307 · first_market_buy 100 wood |
| 17:33 | DS_Reg · first_market_sell 100 stone |
| 17:38 | DS_Reg · first_market_buy 100 food |
| 17:46 | DS_Tortafuller · first_market_buy 100 food |
| 18:15 | DS_Erick307 · wall_segment Stone Wall x17 |
| 18:21 | DS_Erick307 · wall_segment Stone Wall x1 |
| 18:38 | TaNa · first_building Archery Range |
| 19:02 | DS_Kawakaze · first_building Monastery |
| 19:34 | DS_TheHeartless · first_market_sell 500 wood |
| 19:43 | DS_TheHeartless · first_building Monastery |
| 19:46 | DS_Moai · first_building Monastery |
| 20:24 | DS_TheHeartless · first_building Siege Workshop |
| 21:10 | DS_Tortafuller · first_building Barracks |
| 21:21 | DS_TheHeartless · wall_segment Palisade Wall x1 |
| 21:59 | DS_TheHeartless · wall_segment Palisade Wall x1 |
| 22:08 | DS_Tortafuller · first_building Stable |
| 23:32 | DS_Kawakaze · first_market_sell 500 wood |
| 23:54 | DS_TheHeartless · wall_segment Palisade Wall x1 |
| 24:01 | DS_Tortafuller · first_market_sell 100 wood |
| 24:11 | DS_Reg · age_up imperial |
| 24:19 | DS_TheHeartless · wall_segment Palisade Wall x2 |
| 24:22 | KTrades123 · first_building Barracks |
| 24:38 | DS_Kawakaze · first_building Barracks |
| 24:46 | DS_TheHeartless · wall_segment Stone Wall x1 |
| 25:11 | TaNa · first_building Monastery |
| 25:13 | KTrades123 · first_building Castle |
| 25:23 | DS_Moai · first_building Castle |
| 25:28 | DS_Reg · first_building Siege Workshop |
| 25:29 | KTrades123 · first_building Siege Workshop |
| 25:40 | DS_Kawakaze · first_building Archery Range |
| 25:50 | KTrades123 · first_market_sell 100 wood |
| 25:54 | DS_TheHeartless · first_building Castle |
| 26:22 | DS_TheHeartless · wall_segment Palisade Wall x1 |
| 26:34 | DS_Kawakaze · first_building Siege Workshop |
| 26:35 | TaNa · first_building Stable |
| 26:38 | DS_TheHeartless · wall_segment Palisade Wall x1 |
| 26:44 | DS_Moai · first_building Stable |
| 26:46 | DS_Kawakaze · first_building Castle |
| 27:14 | TaNa · first_building Siege Workshop |
| 27:18 | DS_Moai · first_market_sell 100 food |
| 27:50 | DS_Kawakaze · age_up imperial |
| 27:55 | DS_Moai · age_up imperial |
| 28:17 | TaNa · first_building Castle |
| 28:47 | TaNa · age_up imperial |
| 30:37 | KTrades123 · first_building Archery Range |
| 31:08 | KTrades123 · age_up imperial |
| 31:26 | DS_TheHeartless · first_building Barracks |
| 32:09 | DS_TheHeartless · first_building Stable |
| 32:41 | DS_Moai · first_building Siege Workshop |
| 34:10 | DS_Moai · tribute_sent a jugador 1 |
| 34:10 | DS_Moai · tribute_sent a jugador 2 |
| 34:10 | DS_Moai · tribute_sent a jugador 3 |
| 34:10 | DS_Moai · tribute_sent a jugador 4 |
| 34:10 | DS_Moai · tribute_sent a jugador 5 |
| 34:10 | DS_Moai · tribute_sent a jugador 6 |
| 34:10 | DS_Moai · tribute_sent a jugador 7 |
| 34:13 | DS_TheHeartless · age_up imperial |
| 35:18 | DS_Erick307 · wall_segment Palisade Wall x1 |
| 36:11 | DS_Moai · tribute_sent a jugador 1 |
| 36:11 | DS_Moai · tribute_sent a jugador 2 |
| 36:11 | DS_Moai · tribute_sent a jugador 3 |
| 36:11 | DS_Moai · tribute_sent a jugador 4 |
| 36:11 | DS_Moai · tribute_sent a jugador 5 |
| 36:11 | DS_Moai · tribute_sent a jugador 6 |
| 36:11 | DS_Moai · tribute_sent a jugador 7 |
| 36:15 | DS_Erick307 · wall_segment Stone Wall x1 |
| 36:17 | DS_Erick307 · wall_segment Stone Wall x1 |
| 36:37 | DS_Erick307 · wall_segment Stone Wall x1 |
| 36:38 | DS_Erick307 · wall_segment Stone Wall x1 |
| 37:26 | DS_Erick307 · wall_segment Stone Wall x1 |
| 37:32 | DS_Kawakaze · wall_segment Stone Wall x1 |
| 37:37 | DS_Kawakaze · wall_segment Stone Wall x1 |
| 37:40 | DS_Kawakaze · wall_segment Stone Wall x1 |
| 37:54 | DS_Tortafuller · tribute_sent a jugador 1 |
| 37:54 | DS_Tortafuller · tribute_sent a jugador 2 |
| 37:54 | DS_Tortafuller · tribute_sent a jugador 3 |
| 37:54 | DS_Tortafuller · tribute_sent a jugador 4 |
| 37:54 | DS_Tortafuller · tribute_sent a jugador 5 |
| 37:54 | DS_Tortafuller · tribute_sent a jugador 6 |
| 37:54 | DS_Tortafuller · tribute_sent a jugador 8 |
| 40:38 | DS_Moai · resign |
[ AI ANALYSIS · 1 CREDIT ]
What really happened in this match?
Wolo.gg analyzes every decision: build order, eco, micro, common mistakes by bracket. Personalized analysis on WhatsApp or Discord in 30 seconds.
Civ guide
Huns
Perfil
Jugador #5540767